 Dungeon Crawl Stone Soup version 0.28.0-47-ge53b351184 (webtiles) character file.

Game seed: 415006242258186106

5960 joe1234567 the Carver (level 10, 0/84 HPs)
             Began as a Grey Draconian Berserker on May 7, 2022.
             Was a High Priest of Trog.
             Killed by the air
             ... invoked by Gastronok
              (9 damage)
             ... on level 8 of the Dungeon.
             The game lasted 01:01:36 (9968 turns).

joe1234567 the Carver (Grey Draconian Berserker)    Turns: 9968, Time: 01:01:39

Health: 0/84       AC: 14    Str: 19    XL:     10   Next: 54%
Magic:  10/10      EV: 16    Int:  8    God:    Trog [*****.]
Gold:   398        SH: 14    Dex: 15    Spells: 9/9 levels left

rFire   + . .      SeeInvis .   s - +2 long sword
rCold   . . .      Faith    .   u - +0 tower shield
rNeg    . . .      Spirit   .   (armour unavailable)
rPois   .          Reflect  .   k - +2 hat
rElec   .          Harm     .   (no cloak)
rCorr   .          Rampage  .   (no gloves)
Will    .....                   (no boots)
Stlth   +++.......              a - amulet of the acrobat
HPRegen 0.24/turn               i - ring of protection from fire
MPRegen 0.12/turn               m - +4 ring of evasion

@: no status effects
A: AC +12, amphibious, unfitting armour, cold-blooded
a: Renounce Religion, Berserk, Trog's Hand, Brothers in Arms


You were on level 8 of the Dungeon.
You worshipped Trog.
Trog was extremely pleased with you.
You visited 2 branches of the dungeon, and saw 9 of its levels.
You also visited: Bailey.

You collected 398 gold pieces.

Inventory:

Hand Weapons
 e - the +7 spear "Yragyimn" {vorpal, rPois rN+++ Str-4 Stlth+}
   (You found it on level 8 of the Dungeon)

   It inflicts extra damage upon your enemies.
   Str:       It affects your strength (-4).
   rPois:     It protects you from poison.
   rN:        It renders you almost immune to negative energy.
   Stlth:     It makes you more stealthy.
 s - a +2 long sword (weapon)
Missiles
 c - 19 boomerangs
 w - 2 throwing nets (quivered)
Armour
 k - a +2 hat (worn)
 u - a +0 tower shield (worn)
Jewellery
 a - an amulet of the acrobat (around neck)
 i - a ring of protection from fire (left hand)
 m - a +4 ring of evasion (right hand)
 x - a ring of resist corrosion
Scrolls
 b - a scroll of immolation {unknown}
 p - a scroll of summoning {unknown}
 v - a scroll of noise {unknown}
Potions
 d - a potion of lignification {unknown}
 z - a potion of brilliance {unknown}


   Skills:
 + Level 6.7 Fighting
 + Level 9.9 Long Blades
 + Level 0.5 Polearms
 + Level 1.0 Throwing
 + Level 8.0 Dodging
 + Level 4.8 Stealth
 + Level 6.0 Shields
 + Level 1.7 Evocations


You had 9 spell levels left.
You didn't know any spells.
Your spell library contained the following spells:

 Spells                   Type           Power      Damage    Failure   Level
 Dazzling Flash           Conj/Hex       0%         N/A       100%        3
 Inner Flame              Hex/Fire       0%         N/A       100%        3
 Cause Fear               Hex            0%         N/A       100%        4
 Agony                    Necr           0%         N/A       100%        5
 Silence                  Hex/Air        0%         N/A       100%        5
 Discord                  Hex            0%         N/A       100%        8


Dungeon Overview and Level Annotations

Branches:
Dungeon (8/15)             Temple (1/1) D:7          Bailey (visited)
   Lair: D:8-11

Altars:
Ashenzari
Dithmenos
Elyvilon
Fedhas
Gozag
Hepliaklqana
Kikubaaqudgha
Makhleb
Nemelex Xobeh
Okawaru
Qazlal
Ru
Trog
Uskayaw
Vehumet
Wu Jian
Xom
Yredelemnul
Zin
The Shining One

Shops:
D:5 [

Annotations:
D:8 Gastronok


Innate Abilities, Weirdness & Mutations

Your dull iron-grey scales are very hard. (AC +12)
You are amphibious.
You cannot fit into any form of body armour.
You are cold-blooded and may be slowed by cold attacks.


Message History

Gastronok chants a spell, wobbling all the while.
You slash the orc wizard!
You kill the orc wizard!
Trog accepts your kill.
Trog appreciates your killing of a magic user.
Gastronok is no longer moving quickly.
The rat disappears in a puff of smoke!
Your life force feels restored.
You closely miss the rat. You block the rat's attack.
The river rat twitches its whiskers.
You barely miss the rat. The rat closely misses you.
Gastronok's eyestalks stretch out, then return to normal size.
You slash the rat!
You kill the rat!
The rat's corpse disappears in a puff of smoke!
You block the rat's attack.
You hit the rat.
You kill the rat!
The rat's corpse disappears in a puff of smoke!
The river rat twitches its whiskers.
You slash the river rat!
You tail-slap the river rat, but do no damage.
The river rat is severely wounded.
The river rat misses you. You block the river rat's attack.
You slash the river rat!
You kill the river rat!
The river rat's corpse disappears in a puff of smoke!
You hit the river rat.
You tail-slap the river rat, but do no damage.
The river rat is heavily wounded.
You block the river rat's attack.
You barely miss the river rat.
The river rat is heavily wounded.
You block the river rat's attack.
You hit the river rat.
You tail-slap the river rat, but do no damage.
The river rat is almost dead.
You block the river rat's attack.
Gastronok waves his eye-stalks in wide circles.
The air twists around and strikes you!
You die...

###.# ###.$...#
...".w.o. ####..#.#
.#..... ### .....$o
#.# ....... #@#
....ow.####r###
....#.....#w.r#
#####......#.#.#.#.#
.........#.#.......#
.....# ..........###
.....# ............##
.....#.......##.....#
...rr# ......##..#..#


You could see Gastronok and a river rat (summoned).

Vanquished Creatures
  Pikel (D:7)
  Joseph (D:7)
  The ghost of Walross the Ruffian, a novice TrBe of Trog (D:6)
  Maggie (D:7)
  A hornet (D:7)
  Sigmund (D:4)
  A spriggan (Bailey)
  Eustachio (D:5)
  A steam dragon (D:7)
  Menkaure (D:6)
  Duvessa (D:7)
  2 water moccasins
  2 ice beasts
  A sky beast (D:6)
  2 orc warriors
  A hornet zombie (D:7)
  3 necrophages
  7 ogres
  A centaur (D:8)
  A phantom (D:5)
  Blork the orc (D:6)
  2 bullfrogs
  2 scorpions
  A wyvern zombie (D:6)
  Dowan (D:7)
  2 howler monkeys
  9 wights
  A bullfrog zombie (D:5)
  A centaur zombie (D:6)
  3 gnoll shamans
  2 jellies
  2 orc priests
  6 hounds
  2 bullfrog skeletons
  An iguana (D:5)
  A scorpion zombie (D:5)
  6 orc wizards (D:8)
  A killer bee zombie (D:5)
  13 gnolls
  6 adders
  2 white imps (D:6)
  An ufetubus (D:5)
  A worm (D:3)
  2 dart slugs
  13 orcs
  10 ball pythons
  3 endoplasms (D:1)
  2 giant cockroaches
  6 goblins
  9 hobgoblins
  2 jackals (D:1)
  5 quokkas
  3 bats
  A frilled lizard (D:1)
  10 kobolds
  3 rats (D:1)
167 creatures vanquished.

Vanquished Creatures (others)
  18 plants
18 creatures vanquished.

Grand Total: 185 creatures vanquished

Notes
Turn   | Place    | Note
-------+----------+-------------------------------------------
     0 | D:1      | joe1234567 the Draconian Berserker began the quest for the
                  | Orb.
     0 | D:1      | Reached XP level 1. HP: 19/19 MP: 1/1
   203 | D:1      | Reached XP level 2. HP: 16/26 MP: 2/2
   437 | D:1      | Reached ** piety under Trog
   488 | D:1      | Reached XP level 3. HP: 12/33 MP: 3/3
  1399 | D:2      | Reached XP level 4. HP: 14/40 MP: 4/4
  2433 | D:3      | Noticed a necrophage
  2458 | D:3      | Killed a necrophage
  2459 | D:3      | Reached skill level 4 in Long Blades
  2459 | D:3      | Reached XP level 5. HP: 37/46 MP: 5/5
  2634 | D:3      | Found a faded altar of an unknown god.
  3423 | D:4      | Reached skill level 1 in Stealth
  3510 | D:4      | Reached XP level 6. HP: 53/53 MP: 6/6
  3519 | D:4      | Noticed Sigmund
  3521 | D:4      | Found a broken altar of Ashenzari.
  3536 | D:4      | Killed Sigmund
  3537 | D:4      | Reached skill level 5 in Long Blades
  3924 | D:5      | Entered Level 5 of the Dungeon
  3933 | D:5      | Noticed an orc warrior
  3968 | D:5      | Your scales start taking on a dull iron-grey colour.
  3968 | D:5      | Reached XP level 7. HP: 60/60 MP: 7/7
  3994 | D:5      | Reached *** piety under Trog
  4021 | D:5      | Reached skill level 1 in Evocations
  4079 | D:5      | Reached skill level 6 in Long Blades
  4244 | D:5      | Found an opulent altar of Gozag.
  4447 | D:5      | Reached XP level 8. HP: 54/67 MP: 8/8
  4457 | D:5      | Reached skill level 5 in Fighting
  4496 | D:5      | Noticed Eustachio
  4586 | D:5      | Killed Eustachio
  4587 | D:5      | Reached skill level 5 in Dodging
  5209 | D:5      | Found Teshub's Dragon-Slaying Spoils.
  5217 | D:5      | Reached skill level 7 in Long Blades
  5420 | D:6      | Reached skill level 1 in Shields
  5497 | D:6      | Noticed Menkaure
  5510 | D:6      | Noticed Blork the orc
  5755 | D:6      | Killed Blork the orc
  5756 | D:6      | Reached XP level 9. HP: 57/74 MP: 9/9
  5760 | D:6      | Reached **** piety under Trog
  5941 | D:6      | Killed Menkaure
  5961 | D:6      | Reached skill level 8 in Long Blades
  6184 | D:6      | Found a runed translucent door.
  6195 | D:6      | Noticed Walross's ghost (novice TrBe)
  6392 | D:6      | Killed Walross's ghost
  6606 | D:7      | Found a staircase to the Ecumenical Temple.
  6817 | D:7      | Noticed Pikel
  6853 | D:7      | Killed Pikel
  6854 | D:7      | Reached skill level 9 in Long Blades
  6926 | D:7      | Noticed Joseph
  6943 | D:7      | Killed Joseph
  6950 | D:7      | Reached XP level 10. HP: 57/83 MP: 10/10
  6960 | D:7      | Noticed Maggie
  6985 | D:7      | Killed Maggie
  7209 | D:7      | Paralysed by a hornet for 2 turns
  7220 | D:7      | Paralysed by a hornet for 3 turns
  7229 | D:7      | Paralysed by a hornet for 1 turns
  7253 | D:7      | Reached skill level 5 in Shields
  7586 | D:7      | Found a hazy altar of Hepliaklqana.
  7727 | D:7      | Noticed Duvessa
  7727 | D:7      | Noticed Dowan
  7745 | D:7      | Killed Duvessa
  7749 | D:7      | Killed Dowan
  8140 | D:8      | Found a flagged portal.
  8166 | D:8      | Identified the +7 spear "Yragyimn" {vorpal, rPois rN+++
                  | Str-4 Stlth+}
  8219 | Bailey   | Entered a bailey
  8363 | D:8      | Noticed Gastronok
  8542 | Temple   | Entered the Ecumenical Temple
  9305 | D:8      | Found a shimmering altar of Xom.
  9493 | D:8      | Reached skill level 1 in Throwing
  9711 | D:8      | Reached ***** piety under Trog
  9968 | D:8      | Killed from afar by Gastronok

Illustrated notes

Levels and vault maps discovered:
D:1:      eino_arrival_cavern_a, layout_loops_corners, minmay_octomino_e4
D:2:      layout_basic, grunt_decor_one_mirror
D:3:      layout_loops_ring, chequers_ecumenical_altar_simple
D:4:      layout_rooms, lemuel_tele_altar, uniq_sigmund
D:5:      layout_basic, nicolae_gozag_seed_capital, corexii_shack,
          nicolae_shop_dragon_depot, uniq_eustachio
D:6:      layout_cave_pools, ebering_ghost_reflecting_pool, uniq_blork_the_orc,
          uniq_menkaure
D:7:      layout_loops_ring, nicolae_hepliaklqana_hazy_memory,
          minmay_temple_entry_statues_fountains, serial_glass, glass_columns_a,
          glass_columns_b, uniq_joseph, uniq_duvessa, uniq_maggie, uniq_pikel
D:8:      layout_basic, brannock_xom_greatest_gift,
          gammafunk_ghost_nasty_kobolds, enter_bailey_2, uniq_gastronok
Temple:   regret_index_temple_sphere_string

Skill      XL: |  1  2  3  4  5  6  7  8  9 10 |
---------------+-------------------------------+-----
Dodging        | 3 4 6 7 8 |  8.0
Fighting       | 4 5 6 |  6.7
Long Blades    | 4 5 6 7 9 |  9.9
Stealth        | 1 4 |  4.8
Evocations     | 1 |  1.7
Shields        | 2 4 6 |  6.0
Throwing       | 1 |  1.0
Polearms       | |  0.5

Action                   |  1- 3 |  4- 6 |  7- 9 | 10-12 || total
-------------------------+-------+-------+-------+-------++-------
Melee: Falchion          |    96 |    52 |       |       ||   148
       Tailslap          |     9 |    22 |    68 |    39 ||   138
       Long sword        |       |    53 |   392 |   246 ||   691
       Punch             |       |     2 |     2 |       ||     4
       Scythe            |       |    12 |       |       ||    12
Throw: Boomerang         |    10 |     3 |       |    19 ||    32
Evoke: Wand              |       |     7 |     9 |       ||    16
  Use: Scroll            |       |     4 |     5 |     4 ||    13
       Potion            |       |       |     4 |     8 ||    12
 Stab: Paralysed         |       |    10 |    11 |       ||    21
       Sleeping          |       |       |       |     2 ||     2
Armor: Skin              |    67 |    37 |   136 |    74 ||   314
Dodge: Dodged            |   162 |   137 |   402 |   176 ||   877
Block: Tower shield      |       |       |   172 |   224 ||   396
